cohdb
Replays
Latest Replays
All Replays
Popular Replays
Top Player Replays
Match Explorer
How It Works
Community
CoH3 Stats
Reddit
Sign in to upload your games and track your stats! →
Sign in with Steam
Match 41159548
Unlisted
Match 41159548
Overview
Messages
Build Orders
End
Royal Engineer Section
Construct Section Command Post
Selects Air and Sea Battlegroup
Infantry Section
Vickers Machine Gun Team
Infantry Section
ML 3-inch Mortar Team
Grenade Package
Selects Commando Section Paradrop
Construct Platoon Command Post
6-pounder Anti-tank Gun Team
Construct Field Infirmary
Selects Naval Blockade
Selects UNKNOWN (223837)
Commando Section Paradrop
Construct Company Command Post
Unlock M3 Grant Medium Tanks
M3 Grant Medium Tank
Selects Naval Bombardment
Naval Bombardment
Infantry Section
Foot Guards Section
M3 Grant Medium Tank
M3 Grant Medium Tank
Royal Engineer Section
M3 Grant Medium Tank
Naval Bombardment
Commando Section Paradrop
Crusader II Medium Tank
Crusader II Medium Tank
M3 Grant Medium Tank
matjouz
Sarmynation
Perry the Blyatipus
Faraam
0
0
Comments
sign in to comment!
No comments posted yet!